 Dungeon Crawl Stone Soup version 0.31-a0-564-g3b7de120b3 (webtiles) character file.

Game seed: 154548082361792648

48 Fodor the Shield-Bearer (level 3, 0/33 HPs)
             Began as a Minotaur Fighter on Aug 17, 2023.
             Slain by Sigmund
             ... wielding a +0 scythe
              (4 damage)
             ... on level 2 of the Dungeon.
             The game lasted 00:04:17 (909 turns).

Fodor the Shield-Bearer (Minotaur Fighter)           Turns: 909, Time: 00:04:17

Health: 0/33       AC:  7    Str: 22    XL:     3   Next: 50%
Magic:  2/2        EV:  9    Int:  5    God:
Gold:   66         SH:  4    Dex:  9    Spells: 2/2 levels left

rFire   . . .        a - +0 long sword
rCold   . . .        c - +0 buckler
rNeg    . . .        b - +0 scale mail
rPois   .            (helmet restricted)
rElec   .            (no cloak)
rCorr   .            (no gloves)
SInv    .            (no boots)
Will    .....        (no amulet) Stlth
                     (no ring)
HPRegen 0.25/turn    (no ring)
MPRegen 0.08/turn

%: no passive effects
@: no status effects
A: horns 2, retaliatory headbutt
a: no special abilities


You were on level 2 of the Dungeon.
You visited 1 branch of the dungeon, and saw 2 of its levels.

You collected 66 gold pieces.

Inventory:

Hand Weapons
 a - a +0 long sword (weapon)
Armour
 b - a +0 scale mail (worn)
 c - a +0 buckler (worn)
Scrolls
 e - a scroll of noise {unknown}
Potions
 d - 2 potions of might
 f - 2 potions of enlightenment {unknown}


   Skills:
 + Level 4.1 Fighting
 + Level 3.1 Long Blades
 + Level 4.0 Armour
 + Level 0.2 Dodging
 + Level 0.3 Stealth
 + Level 4.3 Shields


You had 2 spell levels left.
You didn't know any spells.
Your spell library was empty.

Dungeon Overview and Level Annotations

Branches:
Dungeon (2/15)

Altars:

Annotations:
D:2 Sigmund


Innate Abilities, Weirdness & Mutations

You have a pair of horns on your head.
You reflexively headbutt those who attack you in melee.


Message History

You see here a staff of poison.
Sigmund the Dreaded comes into view.
He is wielding a +0 scythe.
Sigmund shouts!
Found a stone staircase leading down.
Found 6 stones.
Sigmund misses you.
You hit Sigmund but do no damage. You block Sigmund's attack.
You slash Sigmund! You headbutt Sigmund.
Sigmund is heavily wounded.
Sigmund casts a spell at you.
You are confused.
Sigmund closely misses you.
Found 5 stones.
Sigmund barely misses you. Sigmund gestures at you while chanting.
You are more confused.
Sigmund screams, "Only death can liberate you!"
Sigmund gestures wildly while chanting.
Sigmund flickers and vanishes!
Deactivating autopickup; reactivate with Ctrl-A.
You closely miss something. Something hits you.
Something hits you but does no damage. Something hits you but does no damage.
Something hits you. Something hits you! Something hits you but does no damage.
You feel less confused. Something hits you. Something hits you!
* * * LOW HITPOINT WARNING * * *
Something hits you but does no damage.
You slash something! Something hits you but does no damage.
You hit something. Your headbutt misses something.
You hear some strange, mumbled words.
Something tries to affect you, but you resist.
You hit something but do no damage.
You hear some strange, mumbled words.
A magic dart appears from out of thin air!
The magic dart hits you.
* * * LOW HITPOINT WARNING * * *
You miss something. Something hits you.
You die...

#.# #.# ######.#
#......# #+#
#.###### #.# #.#
#########.# #.#
#.......{.## #.#
#.##.#..@..## #.#
#.>......######.#
##.#............#
#.##..##########
.. #.(# (......#
#########


There were no monsters in sight!

Vanquished Creatures
  A worm (D:2)
  3 dart slugs (D:1)
  3 endoplasms
  A giant cockroach (D:1)
  A hobgoblin (D:1)
  4 jackals (D:2)
  3 ball pythons (D:1)
  4 bats
  2 frilled lizards
  4 goblins (D:1)
  9 kobolds
  4 rats (D:1)
39 creatures vanquished.

Notes
Turn   | Place    | Note
-------+----------+-------------------------------------------
     0 | D:1      | Fodor the Minotaur Fighter began the quest for the Orb.
     0 | D:1      | Reached XP level 1. HP: 19/19 MP: 0/0
    78 | D:1      | Reached XP level 2. HP: 25/27 MP: 1/1
   323 | D:1      | Reached XP level 3. HP: 33/33 MP: 2/2
   883 | D:2      | Noticed Sigmund
   909 | D:2      | Slain by Sigmund

Illustrated notes

Levels and vault maps discovered:
D:1:      lightli_arrival_statuegarden, layout_rooms, minmay_hedge_maze
D:2:      layout_loops_corners, minmay_misc_feat_roman, minmay_pentomino_u4,
          uniq_sigmund, uniq_robin, uniq_crazy_yiuf_cottage

Skill      XL: |  1  2  3 |
---------------+----------+-----
Shields        | 4 |  4.3
Fighting       | 4 |  4.1
Armour         | 4 |  4.0
Long Blades    | 3 |  3.1
Dodging        | |  0.2
Stealth        | |  0.3

Action                     || total
---------------------------++-------
  Melee: Long sword        ||    84
         Headbutt          ||    10
 Armour: Scale mail        ||    41
  Dodge: Dodged            ||    60
  Block: Buckler           ||    30

Table legend: (Time is in decaauts)
 A = Elapsed time spent in this place.
 B = Non-inter-level travel time spent in this place.
 C = Inter-level travel time spent in this place.
 D = Time resting spent in this place.
 E = Time spent auto-exploring this place.
 F = Levels seen in this place.
 G = Mean time per level.
                   A        B        C        D        E       F      G
               +--------+--------+--------+--------+--------+-----+--------+
         Total |    933 |    885 |     48 |     46 |      0 |   2 |  466.5 |
       Dungeon |    933 |    885 |     48 |     46 |      0 |   2 |  466.5 |
               +--------+--------+--------+--------+--------+-----+--------+

Top non-repeatable levels by time:
     D:1: 626 daAuts
     D:2: 307 daAuts
